[Event "Titled Tuesday Blitz December 06 Early 2022"]
[White "Movahed, Sina"]
[Black "Agasarov, Benik"]
[WhiteFideId "42520835"]
[BlackFideId "13314823"]
[WhiteElo "2225"]
[BlackElo "2179"]
[Result "0-1"]
[Round "11"]
[TimeControl "180+1"]
[Date "2022.12.06"]
[WhiteClock "0:01:01"]
[BlackClock "0:00:22"]

1. e4 c5 2. Nf3 d6 3. d4 cxd4 4. Nxd4 Nf6 5. Nc3 Nc6 6. Bg5 e6 7. Qd2 a6 8. f4 Bd7 9. O-O-O Be7 10. Nf3 b5 11. Bxf6 gxf6 12. f5 b4 13. Ne2 Qb6 14. Nf4 Ne5 15. Nd4 O-O 16. fxe6 fxe6 17. Ndxe6 Bxe6 18. Nxe6 Rfc8 19. Kb1 Ra7 20. Nf4 Bf8 21. Nd5 Qc5 22. Nxf6+ Kh8 23. Nd5 Bh6 24. Qe2 Rf7 25. c4 bxc3 26. Qc2 Rf2 27. Qxc3 Rb8 28. b3 Qa3 29. Nb4 Rxb4 30. Be2 Rxe2 31. Qc8+ Kg7 32. Qc7+ Nf7 33. Qc3+ Ne5 34. Qc7+ Kg8 35. Qd8+ Bf8 36. Qg5+ Ng6 37. Rd2 Rxd2 38. Qxd2 Qa5 39. Rf1 Rxb3+ 0-1


[Site "https://www.chess.com"]

[Event "Titled Tuesday Blitz December 06 Early 2022"]
[White "Muminova, Nafisa"]
[Black "Ciuffoletti, Paolo"]
[WhiteFideId "14201526"]
[BlackFideId "807630"]
[WhiteElo "2258"]
[BlackElo "2143"]
[Result "1-0"]
[Round "11"]
[TimeControl "180+1"]
[Date "2022.12.07"]
[WhiteClock "0:00:36"]
[BlackClock "0:00:05"]

1. e4 c5 2. Nf3 Nc6 3. Bb5 e6 4. Bxc6 bxc6 5. O-O Ne7 6. d3 Ng6 7. Be3 d5 8. a3 Be7 9. c4 O-O 10. Qc1 d4 11. Bd2 e5 12. b4 f5 13. Bg5 fxe4 14. dxe4 Nf4 15. Bxf4 exf4 16. bxc5 Bxc5 17. Nbd2 Bg4 18. h3 Bh5 19. Re1 d3 20. Qc3 Rb8 21. e5 a5 22. Ne4 Be7 23. c5 Bxf3 24. gxf3 a4 25. Qc4+ Kh8 26. Rad1 Rb3 27. Qxa4 Qb8 28. Qc4 Rd8 29. Nd6 Bxd6 30. exd6 Qb5 31. Qf7 Rxa3 32. Re8+ 1-0


[Site "https://www.chess.com"]

[Event "Titled Tuesday Blitz December 06 Early 2022"]
[White "Najdin, Danil"]
[Black "Tasev, Dejan"]
[WhiteFideId "4172426"]
[BlackFideId "936618"]
[WhiteElo "2245"]
[BlackElo "2253"]
[Result "0-1"]
[Round "11"]
[TimeControl "180+1"]
[Date "2022.12.07"]
[WhiteClock "0:00:08"]
[BlackClock "0:00:13"]

1. d4 Nf6 2. g3 g6 3. Bg2 Bg7 4. e4 d6 5. Nc3 O-O 6. Nf3 c5 7. dxc5 dxc5 8. Qxd8 Rxd8 9. Be3 Na6 10. O-O b6 11. h3 Bb7 12. Nd2 Ne8 13. a3 e5 14. Nc4 Nac7 15. Rfd1 Ne6 16. Nd5 Kf8 17. c3 Rd7 18. Bd2 Rad8 19. Nce3 N8c7 20. Nxc7 Rxc7 21. Nd5 Rcd7 22. Be3 f6 23. Rd2 Nc7 24. Rad1 Nxd5 25. exd5 Rd6 26. b4 c4 27. Bf1 Rc8 28. f4 e4 29. f5 gxf5 30. Bf4 Ke7 31. Rd4 b5 32. a4 a6 33. h4 Ra8 34. Kf2 Bc8 35. Ke3 Bd7 36. Be2 Ra7 37. R4d2 Rc7 38. Ra1 bxa4 39. Rd4 Bb5 40. h5 Rcd7 41. h6 Bf8 0-1


[Site "https://www.chess.com"]

[Event "Titled Tuesday Blitz December 06 Early 2022"]
[White "Omariev, Maksim"]
[Black "Sargsyan, Anna M."]
[WhiteFideId "4193423"]
[BlackFideId "13308130"]
[WhiteElo "2454"]
[BlackElo "2284"]
[Result "0-1"]
[Round "11"]
[TimeControl "180+1"]
[Date "2022.12.07"]
[WhiteClock "0:00:13"]
[BlackClock "0:00:13"]

1. g4 d5 2. Bg2 c5 3. h3 Nc6 4. d3 e5 5. Nc3 Be6 6. e4 d4 7. Nd5 Bd6 8. c4 dxc3 9. bxc3 Qd7 10. Ne2 h5 11. g5 Nge7 12. Be3 b6 13. h4 Na5 14. Ng3 c4 15. Nxh5 Bxd5 16. exd5 cxd3 17. Nxg7+ Kf8 18. Nh5 Nc4 19. Nf6 Qc7 20. Qxd3 Nxe3 21. fxe3 Rc8 22. Rc1 Ng6 23. h5 e4 24. Qxe4 Ne5 25. O-O Qe7 26. Rf5 Rc4 27. Qc2 Ng4 28. Nxg4 Rxg4 29. g6 Qxe3+ 30. Kf1 Rf4+ 31. Rxf4 Qxf4+ 32. Kg1 Bc5+ 33. Kh1 Rxh5+ 34. Bh3 Rxh3+ 35. Kg2 Rh2# 0-1


[Site "https://www.chess.com"]

[Event "Titled Tuesday Blitz December 06 Early 2022"]
[White "Osmonbekov, Talaibek"]
[Black "Petrova, Irina"]
[WhiteFideId "2017253"]
[BlackFideId "14124122"]
[WhiteElo "2135"]
[BlackElo "2023"]
[Result "0-1"]
[Round "11"]
[TimeControl "180+1"]
[Date "2022.12.07"]
[WhiteClock "0:00:13"]
[BlackClock "0:00:27"]

1. d4 d6 2. Bf4 g6 3. Nc3 Bg7 4. e4 Nc6 5. d5 Ne5 6. Qd2 c6 7. Nf3 Nxf3+ 8. gxf3 Nf6 9. O-O-O cxd5 10. exd5 O-O 11. h4 h5 12. Bh6 Bf5 13. Rg1 Rc8 14. Bxg7 Kxg7 15. Bd3 Bxd3 16. Qxd3 Qa5 17. Kb1 a6 18. Rg5 Rxc3 19. Qxc3 Qxc3 20. bxc3 Rc8 21. Kb2 Rc4 22. Rd4 Rc5 23. c4 Nd7 24. Kb3 Ne5 25. Rg3 f6 26. f4 Ng4 27. Re4 Kf7 28. f3 Nh6 29. Rg2 Nf5 30. Rh2 b5 31. cxb5 Rxb5+ 32. Kc4 Rc5+ 33. Kb4 Rxd5 34. c4 Rd3 35. a4 Rxf3 36. Ka5 Ra3 37. c5 dxc5 38. Kxa6 Nd6 39. Re1 Rxa4+ 40. Kb6 Rxf4 41. Rhe2 Nf5 42. Re4 Rxh4 43. Kxc5 Rxe4 44. Rxe4 h4 45. Kd5 h3 46. Re2 g5 47. Rf2 e6+ 48. Ke4 Kg6 49. Kf3 Kh5 50. Re2 Nd4+ 51. Kf2 Nxe2 52. Kxe2 h2 0-1


[Site "https://www.chess.com"]

[Event "Titled Tuesday Blitz December 06 Early 2022"]
[White "Ovchinnikov, Vsevolod"]
[Black "Matinian, Nikita"]
[WhiteFideId "24176842"]
[BlackFideId "24129100"]
[WhiteElo "2376"]
[BlackElo "2422"]
[Result "1-0"]
[Round "11"]
[TimeControl "180+1"]
[Date "2022.12.06"]
[WhiteClock "0:00:12"]
[BlackClock "0:00:27"]

1. d4 g6 2. e4 Bg7 3. Nf3 d6 4. h3 Nf6 5. Bd3 Nc6 6. O-O e5 7. c3 O-O 8. Re1 Re8 9. Nbd2 d5 10. dxe5 Nxe5 11. Nxe5 Rxe5 12. Nf3 Rxe4 13. Bxe4 Nxe4 14. Rxe4 Bxh3 15. Rh4 Bf5 16. Bg5 Qd6 17. Qd2 c6 18. Re1 h5 19. Nd4 Bg4 20. f3 Bd7 21. Qf4 Qxf4 22. Rxf4 c5 23. Nb3 b6 24. g4 hxg4 25. fxg4 Be6 26. Bf6 Bxf6 27. Rxf6 Bxg4 28. Kf2 Kg7 29. Rd6 Be6 30. Rh1 a5 31. Nd2 b5 32. Nf3 Kf6 33. Rb6 b4 34. Kg3 bxc3 35. bxc3 a4 36. a3 Rd8 37. Rf1 Kg7 38. Ng5 Bf5 39. Rb7 Kf6 40. Nxf7 Re8 41. Nd6 Re2 42. Nxf5 gxf5 43. Rc7 d4 44. Rxc5 d3 45. Rd5 d2 46. Rd1 Re3+ 47. Kf2 Rxc3 48. R1xd2 Rxa3 49. Ra5 Kg5 50. Rdd5 Kf4 51. Rxf5+ Ke4 52. Rfb5 Ra2+ 53. Kg3 Kd3 54. Rb4 a3 55. Rb3+ 1-0


[Site "https://www.chess.com"]

[Event "Titled Tuesday Blitz December 06 Early 2022"]
[White "Pajeken, Jakob Leon"]
[Black "Guzman Moneo, Alberto"]
[WhiteFideId "12942839"]
[BlackFideId "2209616"]
[WhiteElo "2414"]
[BlackElo "2157"]
[Result "1-0"]
[Round "11"]
[TimeControl "180+1"]
[Date "2022.12.07"]
[WhiteClock "0:02:19"]
[BlackClock "0:01:49"]

1. d4 Nf6 2. Nf3 c5 3. d5 b5 4. Bg5 d6 5. e4 a6 6. Bxf6 exf6 7. a4 b4 8. Nbd2 f5 9. Bc4 g6 10. O-O fxe4 11. Re1 f5 12. Nxe4 fxe4 13. Rxe4+ Kd7 14. Qe2 Kc7 15. Re8 Qf6 16. Re1 Bg4 17. Bxa6 Bxf3 18. Qb5 Bxd5 19. Rc8# 1-0


[Site "https://www.chess.com"]

[Event "Titled Tuesday Blitz December 06 Early 2022"]
[White "Palacio,Igor Da Paz"]
[Black "Lauridsen, Jesper Morch"]
[WhiteFideId "2121140"]
[BlackFideId "1401890"]
[WhiteElo "2126"]
[BlackElo "2247"]
[Result "0-1"]
[Round "11"]
[TimeControl "180+1"]
[Date "2022.12.07"]
[WhiteClock "0:00:01"]
[BlackClock "0:00:49"]

1. e4 c5 2. Nc3 a6 3. g3 e6 4. Bg2 b5 5. d3 Bb7 6. f4 d5 7. exd5 exd5 8. Qe2+ Be7 9. Nf3 Nf6 10. O-O d4 11. Ne4 Nd5 12. Nxc5 Bc6 13. Nxd4 O-O 14. Ne4 Nxf4 15. Bxf4 Qxd4+ 16. Qf2 Qxb2 17. c3 Qa3 18. Rac1 Nd7 19. h3 Rac8 20. Kh2 Nf6 21. Nxf6+ Bxf6 22. Bxc6 Rxc6 23. c4 Qxd3 24. cxb5 Rxc1 25. Rxc1 axb5 26. Qc2 Qxc2+ 27. Rxc2 Ra8 28. g4 h6 29. Kg2 b4 30. Kf2 Ra3 31. Kg2 Kh7 32. Bc1 Ra6 33. Be3 Bc3 34. Bf2 Kg6 35. Kf3 f6 36. Bg3 Ra3 37. Kg2 f5 38. gxf5+ Kxf5 39. Rf2+ Kg6 40. Bf4 Bf6 41. Re2 h5 42. Bg3 h4 43. Bf2 Kf5 44. Rc2 g5 45. Kh2 Be5+ 46. Kg2 g4 47. hxg4+ Kxg4 48. Bc5 h3+ 49. Kh1 Rc3 50. Re2 Rxc5 51. Re4+ Kf5 52. Rxb4 Rc1# 0-1


[Site "https://www.chess.com"]

[Event "Titled Tuesday Blitz December 06 Early 2022"]
[White "Postnikov, Artem"]
[Black "Rosenberg, Evan S"]
[WhiteFideId "34153575"]
[BlackFideId "2019299"]
[WhiteElo "2243"]
[BlackElo "2383"]
[Result "0-1"]
[Round "11"]
[TimeControl "180+1"]
[Date "2022.12.07"]
[WhiteClock "0:00:03"]
[BlackClock "0:00:16"]

1. d4 d5 2. c4 e6 3. Nc3 c5 4. cxd5 cxd4 5. Qxd4 Nc6 6. Qd1 exd5 7. Qxd5 Qc7 8. e4 Nf6 9. Qd1 Bb4 10. Bd3 O-O 11. Ne2 Rd8 12. Qc2 Ne5 13. Bf4 Nxd3+ 14. Qxd3 Rxd3 15. Bxc7 Nxe4 16. Rc1 Bf5 17. O-O Rc8 18. Nxe4 Bxe4 19. Rc4 Bc6 20. Rxb4 Rxc7 21. Nc3 h5 22. h3 a6 23. Rd1 Rcd7 24. Rxd3 Rxd3 25. f3 Rd2 26. h4 g6 27. a4 Kg7 28. Rc4 Rxb2 29. Ne4 Bxe4 30. Rxe4 b5 31. axb5 axb5 32. Rd4 b4 33. Rd6 b3 34. Rb6 Rb1+ 35. Kh2 Kf8 36. Kg3 Ke7 37. Kf4 f6 38. g3 b2 39. Rb3 Kd6 40. Rb8 Kd5 41. Rb6 Kd4 42. Rb8 Kd3 43. Rb6 Ke2 44. Rb8 Kf2 45. Rb3 Kg2 46. Rb8 Rf1 47. Rxb2+ Rf2 48. Rxf2+ Kxf2 49. g4 Kg2 50. g5 fxg5+ 51. Kxg5 Kxf3 52. Kxg6 Kg4 53. Kf6 Kxh4 0-1


[Site "https://www.chess.com"]

[Event "Titled Tuesday Blitz December 06 Early 2022"]
[White "Predke, Alexandr"]
[Black "Pakleza, Zbigniew"]
[WhiteFideId "24107581"]
[BlackFideId "1119290"]
[WhiteElo "2616"]
[BlackElo "2410"]
[Result "1-0"]
[Round "11"]
[TimeControl "180+1"]
[Date "2022.12.06"]
[WhiteClock "0:00:13"]
[BlackClock "0:00:13"]

1. Nf3 d5 2. g3 Nf6 3. Bg2 c6 4. O-O Bf5 5. c4 e6 6. Qb3 Qb6 7. d3 Nbd7 8. Qc2 h6 9. cxd5 cxd5 10. Be3 Bc5 11. Bxc5 Nxc5 12. Rc1 Ncd7 13. Nc3 O-O 14. Na4 Qa5 15. Nd4 Bg6 16. Nc5 Rfc8 17. Nxb7 Qb6 18. Nc6 Kh7 19. Nba5 Ng4 20. e4 Nde5 21. d4 Nc4 22. Nxc4 Qxc6 23. Qe2 Nf6 24. exd5 exd5 25. Qd1 dxc4 26. Bxc6 Rxc6 27. d5 Rc5 28. d6 Rd8 29. Qd4 Rd5 30. Qxc4 R8xd6 31. Re1 Rd2 32. b4 Rb2 33. Rad1 Rb6 34. a3 a5 35. bxa5 R6b3 36. Ra1 Rf3 37. Re2 Bd3 38. Qxd3+ Rxd3 39. Rxb2 Rd5 40. a6 Ra5 41. a4 Nd7 42. Rb5 Rxa6 43. a5 Kg6 44. Rd1 Nf6 45. Ra1 Nd7 46. Rd1 Nf6 47. Kg2 h5 48. h4 Kh7 49. Rdb1 Nd7 50. Rd5 Nf6 51. Rf5 Ra7 52. Rb6 Ng4 53. a6 g6 54. Ra5 Kg7 55. Rb7 Ra8 56. a7 Ne5 57. Rb8 Rxa7 58. Rxa7 Nc6 59. Rbb7 Nxa7 60. Rxa7 g5 61. hxg5 Kg6 62. f4 f6 63. Kf3 fxg5 64. Ra6+ Kf5 65. Ra5+ Kg6 66. Rxg5+ Kh6 67. Ke4 h4 68. gxh4 Kh7 69. Kf5 Kh6 70. Kf6 Kh7 71. Kf7 Kh6 72. Rf5 Kh7 73. Rh5# 1-0


[Site "https://www.chess.com"]

[Event "Titled Tuesday Blitz December 06 Early 2022"]
[White "Putnam, Liam"]
[Black "Gong, Qianyun"]
[WhiteFideId "30938279"]
[BlackFideId "8602425"]
[WhiteElo "2082"]
[BlackElo "2199"]
[Result "1-0"]
[Round "11"]
[TimeControl "180+1"]
[Date "2022.12.06"]
[WhiteClock "0:01:17"]
[BlackClock "0:00:27"]

1. a3 d5 2. Nf3 c5 3. e3 Nc6 4. c4 e6 5. cxd5 exd5 6. d4 c4 7. Nc3 Nf6 8. Be2 Bd6 9. O-O O-O 10. b3 cxb3 11. Qxb3 Na5 12. Qb1 Re8 13. Bd2 g6 14. Rc1 a6 15. Na4 b5 16. Bxa5 Qxa5 17. Nc5 Qd8 18. a4 Bxc5 19. dxc5 bxa4 20. Rxa4 Bf5 21. Qa1 Ne4 22. Rxa6 Rc8 23. c6 Qe7 24. Ra7 Qd6 25. c7 Re7 26. Ba6 Rexc7 27. Rcxc7 Qxc7 28. Rxc7 Rxc7 29. Bd3 h6 30. h3 Rb7 1-0


[Site "https://www.chess.com"]

[Event "Titled Tuesday Blitz December 06 Early 2022"]
[White "Quinones Garcia, Santiago"]
[Black "Alex_Sahakyan2006"]
[WhiteFideId "4408497"]
[WhiteElo "2249"]
[BlackElo "2579"]
[Result "0-1"]
[Round "11"]
[TimeControl "180+1"]
[Date "2022.12.07"]
[WhiteClock "0:01:06"]
[BlackClock "0:02:27"]

1. e4 d5 2. exd5 Qxd5 3. Nc3 Qd8 4. d4 Nf6 5. Nf3 Bf5 6. Bf4 e6 7. h3 c6 8. Be2 Bd6 9. Bxd6 Qxd6 10. O-O Nbd7 11. Qd2 O-O 12. Rad1 Rad8 13. Rfe1 Ne4 14. Nxe4 Bxe4 15. Bd3 Bxf3 16. gxf3 Nf6 17. c3 Qd5 18. Be4 Qh5 19. Kh2 e5 20. Qe3 exd4 21. Rxd4 Qe5+ 22. Kg2 g6 23. Rxd8 Rxd8 24. Re2 Nh5 25. Bc2 Nf4+ 26. Kf1 Qg5 27. Rd2 Qg2+ 28. Ke1 Qg1# 0-1


[Site "https://www.chess.com"]

[Event "Titled Tuesday Blitz December 06 Early 2022"]
[White "Raahul V S"]
[Black "Zaichenko, Daria"]
[WhiteFideId "25035525"]
[BlackFideId "4197453"]
[WhiteElo "2202"]
[BlackElo "2039"]
[Result "0-1"]
[Round "11"]
[TimeControl "180+1"]
[Date "2022.12.07"]
[WhiteClock "0:01:33"]
[BlackClock "0:01:41"]

1. b3 d5 2. Bb2 c5 3. e3 Nc6 4. Nf3 Nf6 5. Bb5 Bd7 6. O-O e6 7. c4 Bd6 8. cxd5 exd5 9. d4 cxd4 10. Nxd4 Nxd4 11. Bxd7+ Qxd7 12. Qxd4 O-O 13. Nc3 Rac8 14. Rad1 Bc5 15. Qh4 Rfd8 16. Ne2 Qf5 17. Bxf6 Qxf6 18. Qxf6 gxf6 19. Rd3 Bb6 20. Nf4 d4 21. e4 Rc3 22. Rfd1 Rxd3 23. Rxd3 Rc8 24. g3 Rc1+ 25. Kg2 Rc2 26. Nd5 Bc5 27. Nxf6+ Kg7 28. Nd5 a5 29. a3 Bxa3 0-1


[Site "https://www.chess.com"]

[Event "Titled Tuesday Blitz December 06 Early 2022"]
[White "Sadilek, Peter"]
[Black "Jaskolka, Tomasz"]
[WhiteFideId "1616439"]
[BlackFideId "1170791"]
[WhiteElo "2227"]
[BlackElo "2126"]
[Result "1/2-1/2"]
[Round "11"]
[TimeControl "180+1"]
[Date "2022.12.07"]
[WhiteClock "0:00:04"]
[BlackClock "0:00:12"]

1. Nf3 Nf6 2. c4 d5 3. cxd5 Nxd5 4. d4 Bg4 5. Ne5 Bf5 6. Nc3 Nxc3 7. bxc3 e6 8. Qb3 Qc8 9. f3 Bd6 10. e4 Bxe5 11. exf5 Bd6 12. fxe6 Qxe6+ 13. Qxe6+ fxe6 14. Rb1 b6 15. Bc4 e5 16. O-O exd4 17. Re1+ Kd7 18. cxd4 c6 19. d5 Bc5+ 20. Kf1 Re8 21. Rxe8 Kxe8 22. dxc6 Nxc6 23. Bf4 Kf8 24. Rd1 Rd8 25. Rxd8+ Nxd8 26. Ke2 Nc6 27. Bd5 Nb4 28. Bb3 Ke7 29. Be5 g6 30. g4 Nc6 31. Bb2 Bd4 32. Ba3+ Kf6 33. h4 h6 34. Bc1 g5 35. hxg5+ hxg5 36. Kd3 Be5 37. Bd2 a5 38. Ke4 Bc7 39. a3 Be5 40. Bd5 Nd4 41. Bxg5+ Kxg5 42. Kxe5 Nc2 43. a4 Ne3 44. Be6 Ng2 45. f4+ Nxf4 46. Kd6 Nd3 47. Kc6 Nc5 48. Bc8 Nxa4 49. Kb5 Nc3+ 50. Kxb6 a4 51. Be6 Kf4 52. Kc5 Ke5 53. Kb4 Kxe6 54. Kxc3 Kf6 55. Kb2 Kg5 56. Ka3 Kxg4 57. Kxa4 1/2-1/2


[Site "https://www.chess.com"]

[Event "Titled Tuesday Blitz December 06 Early 2022"]
[White "Sakun, Volodymyr"]
[Black "Buscar, Michael"]
[WhiteFideId "14114062"]
[BlackFideId "2603616"]
[WhiteElo "2319"]
[BlackElo "2010"]
[Result "1-0"]
[Round "11"]
[TimeControl "180+1"]
[Date "2022.12.07"]
[WhiteClock "0:00:43"]
[BlackClock "0:01:05"]

1. e4 c5 2. Be2 Nf6 3. e5 Nd5 4. Nf3 Nc6 5. O-O d6 6. exd6 Qxd6 7. d4 cxd4 8. Nxd4 Nxd4 9. Qxd4 Nc7 10. Qxd6 exd6 11. Nc3 Bd7 12. Re1 O-O-O 13. Bg5 f6 14. Be3 Kb8 15. Rad1 Bc6 16. Bf4 Be7 17. Bh5 Bf8 18. h4 g6 19. Bg4 Nb5 20. Nd5 Bxd5 21. Rxd5 Nc7 22. Rd2 f5 23. Bf3 Bg7 24. Rxd6 Kc8 25. Re7 Rxd6 26. Bxd6 Ne8 27. Bxb7+ Kd8 28. Rf7 Bxb2 29. Be7+ Kd7 30. Bf6+ Ke6 31. Bxb2 1-0


[Site "https://www.chess.com"]

[Event "Titled Tuesday Blitz December 06 Early 2022"]
[White "Sanchez, Robert"]
[Black "sabkeIXO"]
[WhiteFideId "2034360"]
[WhiteElo "2365"]
[BlackElo "2484"]
[Result "0-1"]
[Round "11"]
[TimeControl "180+1"]
[Date "2022.12.07"]
[WhiteClock "0:00:36"]
[BlackClock "0:00:24"]

1. Nf3 Nf6 2. e3 g6 3. c4 Bg7 4. Nc3 O-O 5. Be2 d6 6. O-O Nc6 7. b3 e5 8. d3 h6 9. Bb2 a5 10. a3 b6 11. h3 Bb7 12. d4 exd4 13. exd4 Ne7 14. d5 Bc8 15. Nd4 Bd7 16. Re1 Nf5 17. Nxf5 Bxf5 18. Bd3 Bxd3 19. Qxd3 Qd7 20. Qf3 Rae8 21. Nb5 Nh5 22. Bxg7 Nxg7 23. Nd4 Rxe1+ 24. Rxe1 Re8 25. Re3 h5 26. g4 hxg4 27. hxg4 Rxe3 28. fxe3 Qe7 29. Nc6 Qg5 30. Qe4 f5 31. Qf4 Qxf4 32. exf4 fxg4 33. Nd4 Kf7 34. Kg2 Ke7 35. Nb5 Nh5 36. Nxc7 Nxf4+ 37. Kg3 Ne2+ 38. Kxg4 Nd4 39. b4 Nc2 40. Na8 Ne3+ 41. Kg5 Nxc4 42. Nxb6 Nxb6 43. bxa5 Nxd5 44. a6 Nc7 45. a7 Kd7 46. Kxg6 Kc6 47. Kf6 Kb7 48. Ke7 d5 0-1


[Site "https://www.chess.com"]

[Event "Titled Tuesday Blitz December 06 Early 2022"]
[White "Sarana, Alexey"]
[Black "Riehle, Marco"]
[WhiteFideId "24133795"]
[BlackFideId "12904392"]
[WhiteElo "2708"]
[BlackElo "2462"]
[Result "1-0"]
[Round "11"]
[TimeControl "180+1"]
[Date "2022.12.06"]
[WhiteClock "0:01:52"]
[BlackClock "0:02:30"]

1. d4 d5 2. c4 e6 3. Nc3 c5 4. dxc5 d4 5. Na4 e5 6. Nf3 Nc6 7. e3 Bg4 8. Be2 Nf6 9. O-O Bxf3 10. Bxf3 e4 11. exd4 exf3 12. Re1+ Be7 13. d5 O-O 14. dxc6 bxc6 15. Qxd8 Rfxd8 16. gxf3 Bf8 17. Bg5 Rd4 18. b3 h6 19. Bxf6 gxf6 20. Rad1 Rad8 21. Rxd4 Rxd4 22. Re8 Kg7 23. Rc8 Rd2 24. Rxc6 Rxa2 25. Rc7 1-0


[Site "https://www.chess.com"]

[Event "Titled Tuesday Blitz December 06 Early 2022"]
[White "Seletsky, Grigory"]
[Black "Ray, Sarathi"]
[WhiteFideId "14112191"]
[BlackFideId "2032490"]
[WhiteElo "2492"]
[BlackElo "2029"]
[Result "1-0"]
[Round "11"]
[TimeControl "180+1"]
[Date "2022.12.07"]
[WhiteClock "0:00:48"]
[BlackClock "0:00:35"]

1. d4 Nf6 2. Nc3 d5 3. Bg5 g6 4. Qd2 Bg7 5. h4 c6 6. O-O-O Qa5 7. Kb1 Nbd7 8. f3 Nb6 9. e4 Nc4 10. Bxc4 dxc4 11. g4 b5 12. Nce2 Qxd2 13. Rxd2 Nd7 14. Be3 e5 15. c3 a5 16. h5 Ke7 17. h6 Bf8 18. g5 Ke6 19. f4 exf4 20. Nxf4+ Kd6 21. e5+ Kc7 22. Nf3 Bb7 23. Rf1 Be7 24. d5 cxd5 25. Nxd5+ Bxd5 26. Rxd5 Rab8 27. Nd4 Bc5 28. Rxf7 Bxd4 29. Rfxd7+ 1-0


[Site "https://www.chess.com"]

[Event "Titled Tuesday Blitz December 06 Early 2022"]
[White "Shapiro, Daniel"]
[Black "Dzhaparov, Medet"]
[WhiteFideId "2001780"]
[BlackFideId "13803689"]
[WhiteElo "2296"]
[BlackElo "1702"]
[Result "1-0"]
[Round "11"]
[TimeControl "180+1"]
[Date "2022.12.07"]
[WhiteClock "0:00:24"]
[BlackClock "0:00:14"]

1. d4 Nf6 2. c4 g6 3. Nc3 d5 4. Nf3 Bg7 5. Qb3 c6 6. Bg5 e6 7. e3 O-O 8. h3 Nbd7 9. Rd1 h6 10. Bh4 Qa5 11. Be2 b6 12. O-O Ba6 13. Nd2 dxc4 14. Nxc4 Bxc4 15. Bxc4 Qh5 16. Bg3 Nd5 17. Be2 Qg5 18. Bf3 Rac8 19. Ne4 Qd8 20. Nd6 Ra8 21. e4 Nc7 22. Rfe1 Qe7 23. Qc2 Nb5 24. Nxb5 cxb5 25. Qc6 a6 26. Bd6 Rfc8 27. Bxe7 Rxc6 28. e5 Rac8 29. Bxc6 Rxc6 30. Rc1 Rc4 31. Red1 h5 32. b3 Rxc1 33. Rxc1 Bh6 34. Rc7 Nf8 35. Rc6 a5 36. Rxb6 a4 37. Rxb5 axb3 38. axb3 1-0


[Site "https://www.chess.com"]

[Event "Titled Tuesday Blitz December 06 Early 2022"]
[White "Shuvalov, Evgenij"]
[Black "Begunov, Konstantin"]
[WhiteFideId "4187237"]
[BlackFideId "4118510"]
[WhiteElo "2049"]
[BlackElo "2141"]
[Result "0-1"]
[Round "11"]
[TimeControl "180+1"]
[Date "2022.12.07"]
[WhiteClock "0:00:24"]
[BlackClock "0:00:14"]

1. b4 d5 2. Bb2 Bg4 3. Nf3 Bxf3 4. exf3 e6 5. a3 Nf6 6. c4 dxc4 7. Bxc4 Nbd7 8. O-O Nb6 9. Bb3 g6 10. Re1 Bg7 11. Nc3 O-O 12. Ne4 Nxe4 13. Bxg7 Nxf2 14. Kxf2 Kxg7 15. d4 c6 16. Kg1 Nd5 17. Qd2 Qf6 18. Rad1 Rfd8 19. Re5 Rd7 20. Bxd5 cxd5 21. Rc1 Qe7 22. Qc3 Rd6 23. b5 a6 24. a4 axb5 25. axb5 Ra2 26. Qb3 Ra8 27. Re2 Rd7 28. Rec2 Ra3 29. Qb2 Rd3 30. Kh1 Qf6 31. Rd2 Rxd2 32. Qxd2 Rd8 33. h3 Ra8 34. Kh2 Ra4 35. Rd1 b6 36. Qe3 Rb4 37. Qd3 Qf4+ 38. Kh1 Rb2 39. Qc3 Rxb5 40. Ra1 h5 41. Rd1 h4 42. Qe1 Rb2 43. Rb1 Rxb1 44. Qxb1 Qxd4 45. Qe1 b5 46. Qa5 b4 47. Qa4 Qc3 48. Kh2 b3 49. Qa3 Qe5+ 50. Kh1 b2 51. Qb3 Qd4 52. Kh2 Qf4+ 53. g3 Qd2+ 54. Kh1 Qc1+ 55. Kg2 b1=Q 56. Qxb1 Qxb1 57. gxh4 Qc2+ 58. Kg3 Qe2 0-1


[Site "https://www.chess.com"]

[Event "Titled Tuesday Blitz December 06 Early 2022"]
[White "Skibbe, Willi"]
[Black "Gheorghiu, Calin"]
[WhiteFideId "4682190"]
[BlackFideId "1200305"]
[WhiteElo "2382"]
[BlackElo "2224"]
[Result "0-1"]
[Round "11"]
[TimeControl "180+1"]
[Date "2022.12.07"]
[WhiteClock "0:00:53"]
[BlackClock "0:00:27"]

1. f4 d5 2. Nf3 Nf6 3. g3 g6 4. Bg2 Bg7 5. O-O O-O 6. d3 c5 7. c3 Nc6 8. Na3 a6 9. Qe1 b5 10. e4 dxe4 11. dxe4 e5 12. f5 gxf5 13. exf5 e4 14. Nh4 Re8 15. Nc2 Ne5 16. Qe2 Qd3 17. Re1 c4 18. Bf4 Bb7 19. Bxe5 Rxe5 20. Nd4 Qxe2 21. Rxe2 Bf8 22. Rae1 Bc5 23. Nf3 exf3 24. Rxe5 Bxd4+ 25. cxd4 fxg2 26. h3 Rd8 27. Rd1 Bd5 28. g4 h6 29. a3 a5 30. Kf2 b4 31. axb4 axb4 32. Ke3 c3 33. bxc3 bxc3 34. Kd3 Rc8 35. Rc1 Bc4+ 36. Ke3 Bd5 37. Kd3 c2 38. Ree1 Bb3 39. Rg1 Nd5 40. Ke4 Rc3 41. Rxg2 Re3# 0-1


[Site "https://www.chess.com"]

[Event "Titled Tuesday Blitz December 06 Early 2022"]
[White "Suduvasachmatai"]
[Black "Kyaw Lay Htaik"]
[BlackFideId "13002007"]
[WhiteElo "2076"]
[BlackElo "2261"]
[Result "0-1"]
[Round "11"]
[TimeControl "180+1"]
[Date "2022.12.07"]
[WhiteClock "0:01:53"]
[BlackClock "0:01:22"]

1. e4 c5 2. c3 Nf6 3. e5 Nd5 4. d4 cxd4 5. cxd4 Nc6 6. Nf3 e6 7. Bc4 d6 8. O-O Be7 9. Bxd5 exd5 10. Nc3 Be6 11. Re1 O-O 12. Bf4 a6 13. Qb3 Na5 14. Qc2 Rc8 15. Qd3 Nc4 16. Re2 Qa5 17. Bg5 Qd8 18. Bxe7 Qxe7 19. b3 Na3 20. exd6 Qxd6 21. Ng5 g6 22. Rae1 Bf5 23. Qe3 Nc2 24. Rd2 Nxe3 0-1


[Site "https://www.chess.com"]

[Event "Titled Tuesday Blitz December 06 Early 2022"]
[White "Tarnowska, Aleksandra"]
[Black "monkins"]
[WhiteFideId "1180967"]
[WhiteElo "1776"]
[BlackElo "2234"]
[Result "1-0"]
[Round "11"]
[TimeControl "180+1"]
[Date "2022.12.07"]
[WhiteClock "0:00:02"]
[BlackClock "0:00:01"]

1. e4 c6 2. d4 d5 3. Nc3 dxe4 4. Nxe4 Nf6 5. Nxf6+ exf6 6. Nf3 Bd6 7. Be3 O-O 8. Qd2 b5 9. Bd3 Nd7 10. h4 a6 11. h5 c5 12. dxc5 Nxc5 13. Bxc5 Bxc5 14. O-O-O Bb7 15. Kb1 Qb6 16. Rhf1 Rad8 17. Qf4 Rd5 18. h6 g6 19. Nd2 Rh5 20. Be4 Bd6 21. Qf3 Bc8 22. Qxf6 Rxh6 23. Rh1 Rxh1 24. Rxh1 Bc5 25. Qh4 h5 26. f3 Bf2 27. Qe7 Qc5 28. Qxc5 Bxc5 29. Nb3 Bb6 30. Rd1 Be6 31. a3 Rd8 32. Rxd8+ Bxd8 33. Kc1 Bc8 34. Kd2 f5 35. Bd5+ Kg7 36. Nd4 Kf6 37. c3 Bb6 38. Nc6 g5 39. Nb4 a5 40. Nc6 Bb7 41. c4 bxc4 42. Kc3 1-0


[Site "https://www.chess.com"]

[Event "Titled Tuesday Blitz December 06 Early 2022"]
[White "Timofeev, Artyom"]
[Black "Daneshvar, Bardiya"]
[WhiteFideId "4140419"]
[BlackFideId "12576468"]
[WhiteElo "2586"]
[BlackElo "2429"]
[Result "0-1"]
[Round "11"]
[TimeControl "180+1"]
[Date "2022.12.06"]
[WhiteClock "0:00:24"]
[BlackClock "0:00:32"]

1. d4 Nf6 2. Bf4 c5 3. dxc5 Qa5+ 4. Nd2 Qxc5 5. e3 g6 6. Ngf3 Bg7 7. c3 d6 8. h3 O-O 9. Be2 Qc7 10. O-O b6 11. a4 Bb7 12. Bh2 e5 13. a5 Rd8 14. a6 Bc6 15. b4 Bd7 16. c4 Nc6 17. Qb3 h6 18. Rfd1 Be6 19. Qa3 Rac8 20. Rac1 Qe7 21. c5 dxc5 22. bxc5 Nd7 23. Ne4 Nxc5 24. Nxc5 Rxd1+ 25. Bxd1 bxc5 26. Qxc5 Qxc5 27. Rxc5 e4 28. Ne1 Nb4 29. Rxc8+ Bxc8 30. Ba4 Bxa6 31. Bb8 Bc3 32. Nc2 Nxc2 33. Bxc2 Bd3 34. Bb3 a5 35. g4 Bb5 36. Bd5 a4 37. Bd6 Bb2 38. h4 Bd3 39. h5 gxh5 40. gxh5 Bb1 0-1


[Site "https://www.chess.com"]